 Dungeon Crawl Stone Soup version 0.21-a0-442-g848f44b (webtiles) character file.

1634 4thArraOfDagon the Chopper (level 8, -8/74 HPs)
             Began as a Deep Dwarf Enchanter on Nov 15, 2017.
             Was a Priest of the Shining One.
             Mangled by a two-headed ogre
             ... wielding a +0 dire flail
              (18 damage)
             ... on level 8 of the Dungeon.
             The game lasted 00:17:08 (3009 turns).

4thArraOfDagon the Chopper (Deep Dwarf Enchanter)   Turns: 3009, Time: 00:17:09

Health: -8/74      AC:  5    Str: 14    XL:     8   Next: 66%
Magic:  5/5        EV: 12    Int: 16    God:    the Shining One [***...]
Gold:   140        SH:  0    Dex: 13    Spells: 7/10 levels left

rFire    + + .     SeeInvis .   q - +5 hand axe "Uribedut" {chop, rF++ MR+}
rCold    . . .     Gourm    .   (no shield)
rNeg     + . .     Faith    .   z - +0 ring mail
rPois    .         Spirit   .   (no helmet)
rElec    .         Reflect  .   (no cloak)
rCorr    .         Harm     +   (no gloves)
MR       ++...                  (no boots)
Stlth    +.........             o - amulet of harm
HPRegen  0.00/turn              (no ring)
MPRegen  0.09/turn              (no ring)

@: non-regenerating, glowing
A: damage resistance, heal wounds, sense surroundings 1, no regeneration
a: Heal Wounds, Divine Shield, Renounce Religion


You were on level 8 of the Dungeon.
You worshipped the Shining One.
The Shining One was most pleased with you.
You were not hungry.

You visited 1 branch of the dungeon, and saw 8 of its levels.
You also visited: Sewer.

You collected 140 gold pieces.

Inventory:

Hand Weapons
 a - a +1 dagger
 q - the +5 hand axe "Uribedut" (weapon) {chop, rF++ MR+}
   (You found it on level 8 of the Dungeon)

   It inflicts extra damage upon your enemies.
   It greatly protects you from fire.
   It affects your resistance to hostile enchantments.
 s - a +0 flail
 x - a +0 war axe
Missiles
 C - 4 exploding tomahawks (quivered)
Armour
 b - a +1 robe
 z - a +0 ring mail (worn)
Jewellery
 o - an amulet of harm (around neck)
 D - an uncursed amulet of magic regeneration {unknown}
Wands
 y - a wand of enslavement (0/24)
Scrolls
 e - 2 scrolls of fog {unknown}
 i - 2 scrolls of enchant armour
 j - 2 scrolls of magic mapping
 k - 3 scrolls of remove curse
 l - a scroll of random uselessness {unknown}
 n - a scroll of teleportation
 p - 3 scrolls of blinking
 w - 2 scrolls of fear {unknown}
Potions
 f - 3 potions of curing
 g - 2 potions of invisibility {unknown}
 m - 2 potions of magic
 t - a potion of flight {unknown}
 v - a potion of haste {unknown}
 A - a potion of might
Books
 c - a book of Maledictions

   Spells                             Type                      Level
   a - Corona                         Hexes                        1
   b - Ensorcelled Hibernation        Hexes/Ice                    2
   c - Confuse                        Hexes                        3
   d - Tukima's Dance                 Hexes                        3
   e - Dazzling Spray                 Conjuration/Hexes            3
 u - a book of Frost

   Spells                             Type                      Level
   a - Freeze                         Ice                          1
   b - Throw Frost                    Conjuration/Ice              2
   c - Ozocubu's Armour               Charms/Ice                   3
   d - Throw Icicle                   Conjuration/Ice              4
   e - Summon Ice Beast               Ice/Summoning                4
Comestibles
 d - 3 bread rations
 h - 3 meat rations
 r - 10 fruits


   Skills:
 - Level 5.3 Fighting
 - Level 2.2 Short Blades
 * Level 7.7 Axes
 - Level 2.1 Armour
 - Level 3.2 Dodging
 - Level 3.6 Stealth
 - Level 1.7 Spellcasting
 - Level 2.4 Hexes
 - Level 5.1 Invocations


You had 7 spell levels left.
You knew the following spells:

 Your Spells              Type           Power        Failure   Level  Hunger
a - Corona                Hex            #......      16%         1    ##.....
b - Ensorcelled Hibernat  Hex/Ice        #.....       36%         2    ###....


Dungeon Overview and Level Annotations

Branches:
Dungeon (8/15)             Temple (0/1) D:6
   Lair: D:8-11

Altars:
Fedhas
Okawaru
Ru
Uskayaw
Wu Jian
The Shining One

Shops:
D:6 ?

Annotations:
D:7 Joseph
D:8 Grum, Pikel


Innate Abilities, Weirdness & Mutations

You are resistant to damage.
You can heal yourself by infusing magical energy.
You passively map a small area around you.
You do not regenerate.


Message History

* * * LOW HITPOINT WARNING * * *
Unknown command.
Unknown command.
You feel much better.
The two-headed ogre hits you with a dire flail.
The two-headed ogre barely misses you.
You feel much better.
Unknown command.
You slash the two-headed ogre!
The two-headed ogre is heavily wounded.
The two-headed ogre hits you with a dire flail!
The two-headed ogre hits you with a giant spiked club!!
* * * LOW HITPOINT WARNING * * *
Unknown command.
Your magical essence is drained by the effort!
You feel much better.
The two-headed ogre hits you with a dire flail!!
* * * LOW HITPOINT WARNING * * *
The two-headed ogre hits you with a giant spiked club!!
You die...

#####..######################
, #......# #..........#
######.# #####..........# #.#
##............... #.#
##...#............
#.###...###..........
#.##.................
#.##..#.).).#...#### ,
#.##.##.._@.##..# * **
#.##..#...)O#..##
#.##...........##
#.##..†.###.....# *
#........#......# ,
#######.........# *,
###...###.# #.#.# *.# #.#.#
.# *


You could see a two-headed ogre.

Vanquished Creatures
  A hungry ghost (D:7)
  Purgy (Sewer)
  2 ogres (D:7)
  A sky beast (D:8)
  A phantom (D:5)
  A wolf (D:7)
  A centaur (D:4)
  2 bullfrogs
  A water moccasin skeleton (D:6)
  A scorpion (D:4)
  A howler monkey (D:4)
  2 crimson imps
  A bullfrog zombie (D:5)
  2 orc priests
  A bullfrog skeleton (D:7)
  A centaur skeleton (D:5)
  A hound (D:5)
  3 orc wizards
  A quasit (D:7)
  4 worker ants
  A howler monkey zombie (D:5)
  5 adders
  2 oozes
  An adder skeleton (D:6)
  A worm (D:4)
  2 dart slugs
  5 leopard geckos
  13 orcs
  A ball python (D:4)
  5 giant cockroaches
  3 goblins (D:2)
  10 hobgoblins
  22 jackals
  3 quokkas
  8 bats
  7 frilled lizards
  9 kobolds
  A leopard gecko skeleton (D:4)
  A leopard gecko zombie (D:5)
  7 rats
136 creatures vanquished.

Notes
Turn   | Place    | Note
-------+----------+-------------------------------------------
     0 | D:1      | 4thArraOfDagon the Deep Dwarf Enchanter began the quest for the Orb.
     0 | D:1      | Reached XP level 1. HP: 15/15 MP: 3/3
     1 | D:1      | Noticed a minotaur skeleton
    11 | D:1      | Noticed a minotaur skeleton
    15 | D:1      | Noticed a minotaur skeleton
    27 | D:2      | Found a glowing golden altar of the Shining One.
    30 | D:2      | p0werm0de: aye this start
    31 | D:2      | Reached skill level 1 in Short Blades
    48 | D:2      | Became a worshipper of the Shining One
    48 | D:2      | p0werm0de: shatter it on way out
    69 | D:3      | p0werm0de: to free all the zoo
    75 | D:3      | p0werm0de: like a true hippie
    94 | D:3      | Reached XP level 2. HP: 19/22 MP: 2/4
   194 | D:2      | p0werm0de: wew ubber speed dive
   236 | D:1      | Learned a level 2 spell: Ensorcelled Hibernation
   405 | D:1      | Reached skill level 1 in Fighting
   446 | D:1      | Reached XP level 3. HP: 18/31 MP: 2/5
   678 | D:2      | Found a hide-covered altar of Uskayaw.
   690 | D:2      | Found an ornate altar of the Wu Jian Council.
   692 | D:2      | Found a sacrificial altar of Ru.
   692 | D:2      | Found a blossoming altar of Fedhas.
   950 | D:3      | Reached XP level 4. HP: 13/40 MP: 4/6
  1202 | D:4      | Reached * piety under the Shining One
  1246 | D:4      | Reached XP level 5. HP: 41/50 MP: 4/6
  1342 | D:4      | Reached XP level 6. HP: 56/60 MP: 7/7
  1467 | D:4      | Found a glowing drain.
  1480 | Sewer    | Entered a sewer
  1556 | Sewer    | Noticed Purgy
  1564 | Sewer    | Killed Purgy
  1564 | Sewer    | Reached skill level 5 in Fighting
  1564 | Sewer    | Reached skill level 1 in Armour
  1564 | Sewer    | Reached skill level 1 in Invocations
  1665 | D:5      | Entered Level 5 of the Dungeon
  1793 | D:5      | HP: 1/61 [bullfrog zombie (5)]
  1798 | D:5      | Reached XP level 7. HP: 35/67 MP: 8/8
  1899 | D:6      | Reached ** piety under the Shining One
  2000 | D:5      | Reached skill level 1 in Axes
  2051 | D:5      | :O
  2115 | D:6      | Found Rujovan's Magic Scroll Shop.
  2178 | D:6      | Reached skill level 2 in Axes
  2212 | D:6      | Reached skill level 3 in Axes
  2324 | D:7      | Noticed Joseph
  2359 | D:6      | Found a staircase to the Ecumenical Temple.
  2428 | D:7      | Noticed a hungry ghost
  2434 | D:7      | Reached skill level 4 in Axes
  2441 | D:7      | Killed a hungry ghost
  2441 | D:7      | Reached XP level 8. HP: 42/74 MP: 10/10
  2566 | D:8      | Noticed Pikel
  2619 | D:7      | Reached skill level 5 in Invocations
  2663 | D:7      | Reached skill level 5 in Axes
  2749 | D:7      | Reached skill level 6 in Axes
  2809 | D:8      | Noticed Grum
  2824 | D:7      | Reached *** piety under the Shining One
  2833 | D:7      | Reached skill level 7 in Axes
  2949 | D:8      | Found an iron altar of Okawaru.
  2961 | D:8      | Got a crystal hand axe
  2962 | D:8      | Identified the +5 hand axe "Uribedut" {chop, rF++ MR+} (You found it on level 8 of the Dungeon)
  2963 | D:8      | Noticed a two-headed ogre
  3009 | D:8      | Mangled by a two-headed ogre

Vault maps used:
D:1:      shiori_arrival_whats_in_store_for_you, minmay_misc_feat_encased,
          corexii_item_surrounded_by_moat
D:2:      overflow_temple_1_default, grunt_temple_overflow_open,
          kennysheep_doodads
D:3:      dk_vineyard_3, minmay_goblin_kobold_house
D:4:      cheibrodos_sewer_entry_bend
D:5:      marbit_many_paths, lemuel_coloured_pillars_altar, first_bread
D:6:      minmay_temple_entry_glass, serial_shops, shop
D:7:      uniq_joseph
D:8:      lemuel_crystal_altar, okawaru_ov_weapons_minmay, lemuel_tele_altar,
          uniq_pikel, uniq_grum
Sewer:    kennysheep_door_sewer

Skill      XL: |  1  2  3  4  5  6  7  8 |
---------------+-------------------------+-----
Short Blades   | 1 2 |  2.2
Fighting       | 1 2 3 4 5 |  5.3
Armour         | 2 |  2.1
Invocations    | 2 4 5 |  5.1
Dodging        | 3 |  3.2
Axes           | 4 7 |  7.7
Stealth        | |  3.6
Spellcasting   | |  1.7
Hexes          | |  2.4

Action                   |  1- 3 |  4- 6 |  7- 9 || total
-------------------------+-------+-------+-------++-------
Melee: Dagger            |   205 |    12 |       ||   217
       Flail             |       |   179 |    20 ||   199
       War axe           |       |       |   120 ||   120
       Hand axe          |       |       |     6 ||     6
 Cast: Corona            |    18 |     2 |       ||    20
       Ensorcelled Hiber |     9 |       |       ||     9
 Abil: Heal Wounds       |     1 |     9 |    14 ||    24
Evoke: Wand              |       |       |     2 ||     2
  Use: Scroll            |       |     7 |     5 ||    12
       Potion            |       |     3 |     1 ||     4
  Eat: Chunk             |     2 |     3 |     2 ||     7
       Fruit             |       |       |     8 ||     8
Armor: Robe              |    29 |    51 |     8 ||    88
       Ring mail         |       |       |    47 ||    47
       Skin              |       |       |    13 ||    13
Dodge: Dodged            |   116 |   166 |   129 ||   411

Table legend:
 A = Spawn XP
 B = Non-spawn XP
 C = Spawn XP percentage of total XP
 D = Spawn monster count
 E = Non-spawn monster count
 F = Spawn count percentage of total count
 G = Total turns spent on level
                    A         B        C        D         E        F      G
               +---------+---------+-------+---------+---------+-------+---------
         Total |       0 |    2335 |   0.0 |       0 |     136 |   0.0 |  3009
               +---------+---------+-------+---------+---------+-------+---------
           D:1 |       0 |      26 |   0.0 |       0 |      15 |   0.0 |   416
           D:2 |       0 |      43 |   0.0 |       0 |      15 |   0.0 |   318
           D:3 |       0 |      74 |   0.0 |       0 |      34 |   0.0 |   455
           D:4 |       0 |     370 |   0.0 |       0 |      19 |   0.0 |   412
           D:5 |       0 |     306 |   0.0 |       0 |      13 |   0.0 |   304
           D:6 |       0 |     281 |   0.0 |       0 |      15 |   0.0 |   315
           D:7 |       0 |     971 |   0.0 |       0 |      17 |   0.0 |   494
           D:8 |       0 |     130 |   0.0 |       0 |       2 |   0.0 |   145
         Sewer |       0 |     134 |   0.0 |       0 |       6 |   0.0 |   150
               +---------+---------+-------+---------+---------+-------+---------
